 Dungeon Crawl Stone Soup version 0.28-a0-751-gef3a642a4e (console) character file.

Game seed: 13778941246816308286

26578 jejorda2 the Bludgeoner (level 12, 0/132 HPs)
             Began as a Demonspawn Berserker on Oct 30, 2021.
             Was a High Priest of Trog.
             Slain by a catoblepas (14 damage)
             ... on level 5 of the Lair of Beasts.
             The game lasted 00:35:41 (18161 turns).

jejorda2 the Bludgeoner (Demonspawn Berserker)     Turns: 18161, Time: 00:35:44

Health: 0/132      AC: 16    Str: 28    XL:     12   Next: 99%
Magic:  12/12      EV:  7    Int: 16    God:    Trog [*****.]
Gold:   865        SH: 15    Dex: 12    Spells: 11/11 levels left

rFire   + . .      SeeInvis .   a - +0 morningstar (vorpal)
rCold   + + .      Faith    .   x - +0 kite shield
rNeg    . . .      Spirit   .   e - +0 plate armour
rPois   .          Reflect  .   (helmet unavailable)
rElec   .          Harm     .   A - scarf {rC+ rF+}
rCorr   .          Rampage  .   w - +2 pair of gloves
Will    .....                   (no boots)
Stlth   ..........              (no amulet)
HPRegen 0.32/turn               t - +6 ring of strength
MPRegen 0.13/turn               I - ring of protection from cold

@: berserking, very quick
A: horns 3, spiny 2, big brain 3, condensation shield
a: Renounce Religion, Berserk, Trog's Hand, Brothers in Arms


You were on level 5 of the Lair of Beasts.
You worshipped Trog.
Trog was extremely pleased with you.
You visited 2 branches of the dungeon, and saw 16 of its levels.

You collected 990 gold pieces.
You spent 125 gold pieces at shops.

Inventory:

Hand Weapons
 a - a +0 vorpal morningstar (weapon)
 b - the +5 flail of Ciavocir {freeze, rPois Will+ Int+7 Dex+3}
   (You found it on level 7 of the Dungeon)

   It freezes those it strikes, dealing additional cold damage.
   It can also slow down cold-blooded creatures.
   Int:       It affects your intelligence (+7).
   Dex:       It affects your dexterity (+3).
   rPois:     It protects you from poison.
   Will:      It increases your willpower.
Missiles
 h - 338 stones
 m - a throwing net
 q - 17 boomerangs
 u - 97 sling bullets
 F - 15 poisoned darts (quivered)
Armour
 e - a +0 plate armour (worn)
 w - a +2 pair of gloves (worn)
 x - a +0 kite shield (worn)
 A - a scarf of resistance (worn)
Jewellery
 s - a ring of ice
 t - a +6 ring of strength (left hand)
 z - a ring of fire
 I - a ring of protection from cold (right hand)
Wands
 g - a wand of acid (20)
 k - a wand of paralysis (18)
 n - a wand of flame (44)
 r - a wand of polymorph (22)
 v - a wand of digging (5)
 B - a wand of iceblast (16)
 H - a wand of charming (12)
Scrolls
 i - 2 scrolls of magic mapping
 j - 5 scrolls of fog
 y - 3 scrolls of immolation
 C - 4 scrolls of teleportation
 E - a scroll of blinking
 J - a scroll of enchant armour
Potions
 c - a potion of ambrosia
 d - 2 potions of berserk rage
 f - 5 potions of might
 l - 3 potions of flight
 o - a potion of brilliance {unknown}
 p - a potion of attraction
 D - 2 potions of mutation
 G - 3 potions of heal wounds
 K - 5 potions of curing


   Skills:
 - Level 6.0 Fighting
 - Level 16.0 Maces & Flails
 + Level 6.3 Armour
 - Level 1.7 Dodging
 * Level 10.2 Shields


You had 11 spell levels left.
You didn't know any spells.
Your spell library was empty.

Dungeon Overview and Level Annotations

Branches:
Dungeon (10/15)            Temple (0/1) D:6            Lair (6/6) D:10
 Shoals (0/4) Lair:2       Spider (0/4) Lair:4
  Slime: Lair:5-6       Orc: D:9-12

Altars:
Vehumet

Shops:
D:3 *   D:6 *   D:7 ?!?![


Innate Abilities, Weirdness & Mutations

You have a pair of large horns on your head.
You are mostly covered in sharp spines.
You have an absolutely massive brain. (Int +6, Wiz)
A meltable shield of frost defends you. (SH +4)


Message History

The blink frog is engulfed in calcifying dust.
The catoblepas breathes a plume of calcifying dust at you.
The blast of calcifying dust hits you but does no damage.
The blink frog is engulfed in calcifying dust.
The blink frog stops moving altogether!
The blink frog blinks!
The cane toad is engulfed in calcifying dust.
You feel sick.
The blink frog is engulfed in calcifying dust.
The cane toad is engulfed in calcifying dust.
The blink frog is engulfed in calcifying dust.
The cane toad is engulfed in calcifying dust.
There is an escape hatch in the ceiling here.
You feel sick.
The blink frog is struck by your spines.
The blink frog hits you but does no damage.
The blink frog is engulfed in calcifying dust.
The blink frog is moving more slowly.
The blink frog hits the fungus!
The fungus begins to die.
The blink frog hits the plant!!
The plant begins to die.
The catoblepas is struck by your spines.
The catoblepas gores you!
* * * LOW HITPOINT WARNING * * *
The blink frog is struck by your spines.
The blink frog hits you but does no damage.
A mysterious force pulls you upwards. The hatch slams shut behind you.
You feel sick.
Unknown command.
A red film seems to cover your vision as you go berserk!
You feel yourself moving faster!
You feel mighty!
You feel sick. You block the blink frog's attack. The catoblepas gores you!!
* * * LOW HITPOINT WARNING * * *
Unknown command.
You bludgeon the catoblepas!! You headbutt the catoblepas!
The catoblepas is severely wounded.
You feel sick.
You are no longer poisoned.
The blink frog hits you but does no damage.
The catoblepas is struck by your spines.
The catoblepas gores you!
You die...

.........########...# #..
#.#.......#.##.....# ###..
##...#..#..#.####...# #....
........##..#####...# ##...
.⌠...⌠...#....##...## ##..
...<÷.......+...P..# ##...
.⌠.÷÷⌠...#..#......# #....
........##..#.PF#..# ##...
##......#....###@..## #....
..#..#....#### ##Y..# ###..
.........## #...# ##...
#.....#### #...#########....
###+..# ##......[.........
#.P...# #.................
......### #P..<.............
#.#.....# ##P................
#.#....########..................


You could see a catoblepas and a blink frog.

Vanquished Creatures
  Gastronok (Lair:2)
  A catoblepas (Lair:4)
  5 hydras
  A two-headed ogre (D:10)
  A lindwurm (Lair:4)
  A merfolk siren (Lair:2)
  4 black mambas
  3 cane toads
  A kobold demonologist (D:9)
  3 komodo dragons
  3 rime drakes
  Psyche (D:10)
  A merfolk (Lair:2)
  3 polar bears (Lair:2)
  A hornet (D:8)
  13 blink frogs
  A slime creature (D:9)
  19 yaks
  A wyvern (D:10)
  3 basilisks
  A steam dragon (D:6)
  Menkaure (D:6)
  An acid dragon (D:9)
  15 water moccasins
  Duvessa (D:6)
  3 orc warriors
  A sky beast (D:7)
  3 ice beasts
  17 wolves
  5 ogres
  5 centaurs
  2 phantoms (D:6)
  A kobold brigand (D:9)
  3 scorpions (D:5)
  22 bullfrogs
  A gnoll sergeant (D:5)
  Dowan (D:6)
  A wyvern skeleton (D:7)
  9 wights
  6 howler monkeys
  A bullfrog zombie (D:5)
  A jelly (D:4)
  3 centaur zombies
  2 hounds (D:4)
  10 orc priests
  A gnoll shaman (D:4)
  A bullfrog skeleton (D:5)
  Terence (D:3)
  2 iguanas (D:4)
  Natasha (thrice) (D:2)
  16 orc wizards
  2 scorpion zombies (D:5)
  2 hell rats (Lair:2)
  A killer bee zombie (D:8)
  4 adders
  16 gnolls
  A howler monkey zombie (D:9)
  8 river rats (Lair:2)
  A white imp (D:6)
  2 worms
  The ghost of cheechan the Sneak, a weakling NaDe (D:5)
  5 dart slugs
  30 orcs
  9 ball pythons
  6 bats
  5 endoplasms
  2 giant cockroaches
  6 hobgoblins
  A quokka (D:2)
  3 frilled lizards (D:1)
  8 goblins
  12 kobolds
  4 rats
336 creatures vanquished.

Vanquished Creatures (collateral kills)
  3 yaks (Lair:2)
3 creatures vanquished.

Vanquished Creatures (others)
  A demonic plant (D:2)
  11 fungi
  20 plants
  A withered plant (D:2)
33 creatures vanquished.

Grand Total: 372 creatures vanquished

Notes
Turn   | Place    | Note
-------+----------+-------------------------------------------
     0 | D:1      | jejorda2 the Demonspawn Berserker began the quest for the
                  | Orb.
     0 | D:1      | Reached XP level 1. HP: 18/18 MP: 1/1
    57 | D:1      | Reached skill level 3 in Maces & Flails
    57 | D:1      | Gained mutation: You have an unusually large brain. (Int
                  | +2) [demonic ancestry]
    57 | D:1      | Reached XP level 2. HP: 7/24 MP: 2/2
   732 | D:1      | Reached XP level 3. HP: 19/29 MP: 3/3
  1235 | D:2      | Found a faded altar of an unknown god.
  1417 | D:2      | Reached ** piety under Trog
  1445 | D:2      | Noticed Natasha
  1454 | D:2      | Killed Natasha
  1455 | D:2      | Reached XP level 4. HP: 35/35 MP: 4/4
  1581 | D:2      | Noticed Natasha
  1590 | D:2      | Killed Natasha
  1754 | D:2      | Reached skill level 4 in Maces & Flails
  1799 | D:2      | Noticed Natasha
  1810 | D:2      | Killed Natasha
  2070 | D:2      | Gained mutation: You are partially covered in sharp spines.
                  | [demonic ancestry]
  2070 | D:2      | Reached XP level 5. HP: 38/42 MP: 5/5
  2591 | D:3      | Noticed Terence
  2598 | D:3      | Killed Terence
  2816 | D:3      | Found Seotah's General Store.
  3538 | D:4      | Gained mutation: You have an extremely huge brain. (Int +4)
                  | [demonic ancestry]
  3538 | D:4      | Reached XP level 6. HP: 48/48 MP: 6/6
  3591 | D:4      | Reached skill level 5 in Maces & Flails
  3869 | D:4      | Gained mutation: You have a pair of small horns on your
                  | head. [demonic ancestry]
  3869 | D:4      | Reached XP level 7. HP: 55/55 MP: 7/7
  3945 | D:4      | Reached *** piety under Trog
  4558 | D:5      | Entered Level 5 of the Dungeon
  4569 | D:5      | Reached skill level 5 in Fighting
  4692 | D:5      | Reached skill level 6 in Maces & Flails
  4750 | D:5      | HP: 1/84 [gnoll (11)]
  5285 | D:5      | Reached skill level 1 in Shields
  5287 | D:5      | Gained mutation: A meltable shield of frost defends you.
                  | (SH +4) [demonic ancestry]
  5287 | D:5      | Reached XP level 8. HP: 57/63 MP: 8/8
  5361 | D:5      | Identified the +6 hand axe of the Common Good {freeze,
                  | Fragile rCorr Str+4 Dex+3}
  5708 | D:5      | Found a runed translucent door.
  5709 | D:5      | Noticed cheechan's ghost (weakling NaDe)
  5719 | D:5      | Killed cheechan's ghost
  5964 | D:6      | Reached skill level 7 in Maces & Flails
  6031 | D:6      | Found a staircase to the Ecumenical Temple.
  6033 | D:6      | Noticed Dowan
  6033 | D:6      | Noticed Duvessa
  6038 | D:6      | Noticed Menkaure
  6040 | D:6      | Killed Duvessa
  6045 | D:6      | Killed Dowan
  6083 | D:5      | Reached skill level 5 in Armour
  6371 | D:6      | Killed Menkaure
  6371 | D:6      | Reached **** piety under Trog
  6435 | D:6      | Gained mutation: You have a pair of horns on your head.
                  | [demonic ancestry]
  6435 | D:6      | Reached XP level 9. HP: 51/69 MP: 9/9
  6685 | D:6      | Reached skill level 8 in Maces & Flails
  6996 | D:6      | Found Egyal's Gadget Gallery.
  7080 | D:7      | Found Amedwaf's Magic Scroll Shop.
  7090 | D:7      | Bought a scroll of blinking for 75 gold pieces
  7102 | D:7      | Found Ycoberr's Distillery.
  7216 | D:7      | Found Uchucs's Distillery.
  7318 | D:7      | Bought a potion of heal wounds for 50 gold pieces
  7356 | D:7      | Reached skill level 9 in Maces & Flails
  7457 | D:7      | Found Diceuger's Magic Scroll Shoppe.
  7478 | D:7      | Identified the +5 flail of Ciavocir {freeze, rPois Will+
                  | Int+7 Dex+3}
  7758 | D:7      | Found a radiant altar of Vehumet.
  7879 | D:7      | Found Ytadog's Armour Shoppe.
  8029 | D:8      | Reached skill level 10 in Maces & Flails
  8260 | D:8      | Gained mutation: You have an absolutely massive brain. (Int
                  | +6, Wiz) [demonic ancestry]
  8260 | D:8      | Reached XP level 10. HP: 70/76 MP: 10/10
  9200 | D:9      | Reached skill level 11 in Maces & Flails
  9370 | D:9      | Found a faded altar of an unknown god.
  9822 | D:9      | Reached skill level 5 in Shields
  9890 | D:9      | Noticed a seven-headed hydra
  9898 | D:9      | Killed a seven-headed hydra
 10592 | D:10     | Entered Level 10 of the Dungeon
 10635 | D:10     | Noticed Psyche
 10642 | D:10     | Killed Psyche
 10643 | D:10     | Reached skill level 12 in Maces & Flails
 10775 | D:10     | Noticed a two-headed ogre
 10782 | D:10     | Killed a two-headed ogre
 10999 | D:10     | Found a staircase to the Lair.
 11722 | Lair:1   | Entered Level 1 of the Lair of Beasts
 11728 | Lair:1   | Gained mutation: You have a pair of large horns on your
                  | head. [demonic ancestry]
 11728 | Lair:1   | Reached XP level 11. HP: 81/81 MP: 11/11
 12179 | Lair:1   | Reached ***** piety under Trog
 12460 | Lair:1   | Reached skill level 13 in Maces & Flails
 13888 | Lair:2   | Noticed Gastronok
 13899 | Lair:2   | Killed Gastronok
 13900 | Lair:2   | Reached skill level 14 in Maces & Flails
 14344 | Lair:2   | Found a staircase to the Shoals.
 14867 | Lair:3   | Gained mutation: You are mostly covered in sharp spines.
                  | [demonic ancestry]
 14867 | Lair:3   | Reached XP level 12. HP: 88/88 MP: 12/12
 14917 | Lair:3   | You fall into a shaft and drop 1 floor!
 15598 | Lair:4   | Noticed a catoblepas
 15613 | Lair:4   | Killed a catoblepas
 15614 | Lair:4   | Reached skill level 15 in Maces & Flails
 15900 | Lair:4   | Found a hole to the Spider Nest.
 16313 | Lair:3   | Noticed a six-headed hydra
 16320 | Lair:3   | Killed a six-headed hydra
 16374 | Lair:3   | Received a gift from Trog
 17046 | Lair:3   | Noticed a four-headed hydra
 17051 | Lair:3   | Killed a four-headed hydra
 17359 | Lair:5   | Noticed a six-headed hydra
 17364 | Lair:5   | Killed a six-headed hydra
 17802 | Lair:5   | Reached skill level 16 in Maces & Flails
 17824 | Lair:5   | Reached skill level 10 in Shields
 17915 | Lair:5   | Noticed a four-headed hydra
 17924 | Lair:5   | Killed a four-headed hydra
 18147 | Lair:5   | You fall into a shaft and drop 1 floor!
 18147 | Lair:6   | Entered Level 6 of the Lair of Beasts
 18147 | Lair:6   | Noticed a catoblepas
 18161 | Lair:5   | Slain by a catoblepas

Illustrated notes

Levels and vault maps discovered:
D:1:      evilmike_arrival_crescent, layout_rooms, hangedman_decor_points,
          serial_bayou_lagoon_a
D:2:      layout_basic, shapermc_ecumenical_altar_gd,
          chequers_serial_rivers_large_b, uniq_natasha
D:3:      layout_loops_cross, serial_shops, shop, uniq_terence
D:4:      layout_basic, hex_medium, amcnicky_mini_rare_corridor_liquid
D:5:      layout_loops_ring, gammafunk_ghost_grave
D:6:      layout_rooms, minmay_temple_entry_overgrown, nicolae_shop_gadgets,
          uniq_menkaure, uniq_duvessa
D:7:      layout_loops_ring, mainiacjoe_overflow_24_doors, serial_shops,
          kennysheep_mini_moat, shop, nicolae_stop_n_shop_1,
          nicolae_diamond_shop, shop, minmay_a_box_with_orc_wizards_in_it
D:8:      layout_basic
D:9:      layout_stronghold, serial_column_ruins, column_ruins_temple_circle,
          column_ruins_hut, column_ruins_grid_1, column_ruins_open_tiny,
          column_ruins_open_tiny, minivault_26, kennysheep_opposing_triangles
D:10:     layout_long_grid, lair_entry_dummy, minmay_misc_feat_doors,
          minmay_misc_feat_diagonals, uniq_psyche
Lair:1:   layout_hall_layers
Lair:2:   layout_cave_pods, elwin_shoals_entry_rooms, kennysheep_rathole,
          uniq_gastronok
Lair:3:   layout_chaotic_city
Lair:4:   layout_hall_layers, dummy_spider_entry
Lair:5:   layout_long_grid, grunt_megastairs_2, lemuel_fruit_tree,
          serial_bayou_shore_b
Lair:6:   cheibrodos_lair_end_hotspot, layout_long_grid, slime_altar_1,
          gammafunk_ghost_cemetery

Skill      XL: |  1  2  3  4  5  6  7  8  9 10 11 12 |
---------------+-------------------------------------+-----
Maces & Flails | 3 4 5 6 7 10 12 14 16 | 16.0
Armour         | 2 3 4 5 6 |  6.3
Fighting       | 4 5 6 |  6.0
Shields        | 1 4 6 8 10 | 10.2
Dodging        | |  1.7

Action                   |  1- 3 |  4- 6 |  7- 9 | 10-12 || total
-------------------------+-------+-------+-------+-------++-------
Melee: Mace              |   106 |   132 |       |       ||   238
       Flail             |       |     7 |   268 |    17 ||   292
       Headbutt          |       |       |    60 |   113 ||   173
       Morningstar       |       |       |       |   503 ||   503
Throw: Stone             |       |     4 |    16 |     3 ||    23
       Dart              |       |       |       |    44 ||    44
Invok: Berserk           |     3 |     8 |    10 |    15 ||    36
       Trog's Hand       |       |       |     2 |     1 ||     3
       Brothers in Arms  |       |       |       |     1 ||     1
  Use: Scroll            |       |     4 |     9 |     6 ||    19
 Stab: Sleeping          |     1 |       |       |       ||     1
       Petrified         |       |       |       |     1 ||     1
Armor: Animal skin       |    29 |       |       |       ||    29
       Ring mail         |    23 |    27 |       |       ||    50
       Chain mail        |       |    47 |   104 |    17 ||   168
       Plate armour      |       |       |       |   168 ||   168
Dodge: Dodged            |   101 |    57 |    87 |   102 ||   347
Block: Buckler           |       |       |    87 |    81 ||   168
       Kite shield       |       |       |       |   208 ||   208

Table legend: (Time is in decaauts)
 A = Elapsed time spent in this place.
 B = Non-inter-level travel time spent in this place.
 C = Inter-level travel time spent in this place.
 D = Time resting spent in this place.
 E = Time spent auto-exploring this place.
 F = Levels seen in this place.
 G = Mean time per level.
                   A        B        C        D        E       F      G
               +--------+--------+--------+--------+--------+-----+--------+
         Total |  18531 |  17813 |    718 |   3335 |  12117 |  16 | 1158.2 |
       Dungeon |  12050 |  11541 |    509 |   2464 |   7405 |  10 | 1205.0 |
          Lair |   6481 |   6273 |    208 |    871 |   4711 |   6 | 1080.2 |
               +--------+--------+--------+--------+--------+-----+--------+

Top non-repeatable levels by time:
     D:5: 1752 daAuts
  Lair:2: 1699 daAuts
  Lair:4: 1605 daAuts
     D:9: 1527 daAuts
  Lair:1: 1462 daAuts
     D:2: 1438 daAuts
     D:1: 1312 daAuts
     D:4: 1174 daAuts
    D:10: 1158 daAuts
  Lair:3: 1096 daAuts
     D:8: 999 daAuts
     D:3: 932 daAuts
     D:6: 904 daAuts
     D:7: 850 daAuts
  Lair:5: 606 daAuts
